 Dungeon Crawl Stone Soup version 0.20.1-1-g8b1a95d (webtiles) character file.

211 asishallab the Shield-Bearer (level 6, -2/47 HPs)
             Began as a Formicid Fighter on Dec 28, 2017.
             Slain by Crazy Yiuf
             ... wielding a +3 quarterstaff of chaos
              (17 damage)
             ... on level 2 of the Dungeon.
             The game lasted 00:07:08 (1813 turns).

asishallab the Shield-Bearer (Formicid Fighter)     Turns: 1813, Time: 00:07:09

Health: -2/47      AC:  9    Str: 21    XL:     6   Next: 13%
Magic:  0/6        EV:  6    Int:  7    God:
Gold:   84         SH: 10    Dex: 12    Spells: 5/5 levels left

rFire    . . .     SeeInvis +   a - +0 war axe
rCold    + . .     Gourm    .   c - +0 shield
rNeg     . . .     Faith    .   h - +0 chain mail
rPois    .         Spirit   +   (helmet unavailable)
rElec    .         Reflect  .   (no cloak)
rCorr    .         Harm     .   (no gloves)
MR       .....                  (no boots)
Stlth    ..........             o - amulet of guardian spirit
Regen    0.2/turn               e - ring of protection from cold
MPRegen  0.1/turn               (no ring)

@: no status effects
A: permanent stasis, dig shafts and tunnels, four strong arms, antennae 3
a: Dig, Shaft Self


You were on level 2 of the Dungeon.
You were not hungry.

You visited 1 branch of the dungeon, and saw 2 of its levels.

You collected 84 gold pieces.

Inventory:

Hand Weapons
 a - a +0 war axe (weapon)
Missiles
 r - 77 stones (quivered)
Armour
 c - a +0 shield (worn)
 h - a +0 chain mail (worn)
Jewellery
 b - a cursed ring of loudness {unknown}
 e - a ring of protection from cold (left hand)
 o - an amulet of guardian spirit (around neck)
Scrolls
 k - 3 scrolls of identify
 l - a scroll of amnesia
Potions
 j - 2 potions of resistance
Comestibles
 f - a bread ration
 i - 2 royal jellies


   Skills:
 - Level 3.2 Fighting
 * Level 5.0 Axes
 - Level 3.2 Armour
 + Level 5.2 Shields


You had 5 spell levels left.
You didn't know any spells.

Dungeon Overview and Level Annotations

Branches:
Dungeon (2/15)

Altars:
Dithmenos
Xom
Zin

Annotations:
D:2 Crazy Yiuf


Innate Abilities, Weirdness & Mutations

You cannot be hasted, slowed, berserked, paralysed or teleported.
You can dig through walls and to a lower floor.
Your four strong arms can wield two-handed weapons with a shield.
You have a pair of large antennae on your head. (SInv)


Message History

Crazy Yiuf is heavily wounded.
You block Crazy Yiuf's attack.
You hit Crazy Yiuf.
Crazy Yiuf is heavily wounded.
Crazy Yiuf hits you with a quarterstaff of chaos.
You feel your power leaking away.
You hit Crazy Yiuf.
Crazy Yiuf is severely wounded.
Crazy Yiuf glowers.
Crazy Yiuf hits you with a quarterstaff of chaos!
Crazy Yiuf freezes you.
* * * LOW HITPOINT WARNING * * *
Okay, then.
As you read the scroll labeled MIUFOW NEIS JAA, it crumbles to dust.
You feel blessed for a moment.
It was a scroll of remove curse.
Crazy Yiuf closely misses you.
You closely miss Crazy Yiuf.
Crazy Yiuf is severely wounded.
Crazy Yiuf hits you but does no damage.
You are electrocuted!
You die...

###...........##
#.#
###...####.######
#.# ....### #.#
#.## ##### ###
#..# ##.# #####.#
#### ##...#)#
#)..### ##.P....#
#..g@.###.PP....#
#...##..#.#P...##
#### ###.#.P..##
########


You could see Crazy Yiuf.

Vanquished Creatures
  Sigmund (D:2)
  2 adders (D:2)
  A worm (D:2)
  A giant cockroach (D:1)
  3 goblins
  6 hobgoblins
  2 jackals (D:2)
  A ball python (D:2)
  6 bats
  3 frilled lizards
  5 kobolds
  3 rats (D:1)
34 creatures vanquished.

Notes
Turn   | Place    | Note
-------+----------+-------------------------------------------
     0 | D:1      | asishallab the Formicid Fighter began the quest for the Orb.
     0 | D:1      | Reached XP level 1. HP: 18/18 MP: 1/1
   206 | D:1      | Reached XP level 2. HP: 18/24 MP: 2/2
  1041 | D:2      | Found a shadowy altar of Dithmenos.
  1056 | D:2      | Reached XP level 3. HP: 29/29 MP: 3/3
  1358 | D:2      | Found a shimmering altar of Xom.
  1359 | D:2      | Noticed an angel
  1359 | D:2      | Found a glowing silver altar of Zin.
  1379 | D:2      | Reached XP level 4. HP: 27/35 MP: 4/4
  1397 | D:2      | Noticed Sigmund
  1410 | D:2      | Killed Sigmund
  1410 | D:2      | Reached skill level 5 in Axes
  1410 | D:2      | Reached skill level 5 in Shields
  1410 | D:2      | Reached XP level 5. HP: 11/41 MP: 1/5
  1410 | D:2      | Reached XP level 6. HP: 13/47 MP: 1/6
  1795 | D:2      | Found a runed door.
  1799 | D:2      | Noticed Crazy Yiuf
  1813 | D:2      | Slain by Crazy Yiuf

Skill      XL: |  1  2  3  4 |
---------------+-------------+-----
Axes           | 3 5 |  5.0
Shields        | 4 5 |  5.2
Fighting       | |  3.2
Armour         | |  3.2

Action                   |  1- 3 |  4- 6 || total
-------------------------+-------+-------++-------
Melee: War axe           |   103 |    19 ||   122
Throw: Stone             |    14 |    10 ||    24
 Abil: Dig               |       |     1 ||     1
  Use: Scroll            |     8 |     1 ||     9
       Potion            |     1 |     2 ||     3
  Eat: Chunk             |     2 |     1 ||     3
Armor: Scale mail        |    24 |       ||    24
       Chain mail        |    31 |     3 ||    34
Dodge: Dodged            |    27 |     3 ||    30
Block: Shield            |    73 |    11 ||    84
